 Dungeon Crawl Stone Soup version 0.26.1-11-gd32895ea62 (webtiles) character file.

Game seed: 17738105277934045431

534 Jerry the Sneak (level 7, -3/50 HPs)
             Began as a Vampire Enchanter on June 14, 2021.
             Was a Follower of Dithmenos.
             Killed by divine providence
             ... invoked by an orc priest
              (16 damage)
             ... on level 5 of the Dungeon.
             The game lasted 00:23:33 (4198 turns).

Jerry the Sneak (Vampire Enchanter)                 Turns: 4198, Time: 00:23:34

Health: -3/50      AC: 10    Str:  9    XL:     7   Next: 4%
Magic:  8/11       EV: 13    Int: 18    God:    Dithmenos [*.....]
Gold:   269        SH:  0    Dex: 20    Spells: 6/12 levels left

rFire    . . .     SeeInvis +   a - +1 dagger
rCold    . . .     Faith    .   (no shield)
rNeg     . . .     Spirit   .   A - +0 acid dragon scales
rPois    .         Reflect  .   d - +2 helmet
rElec    .         Harm     .   (no cloak)
rCorr    +         Rampage  .   (no gloves)
Will     .....                  z - +0 pair of boots
Stlth    ++++......             (no amulet)
HPRegen  0.36/turn              n - +6 ring of dexterity
MPRegen  0.12/turn              (no ring)

@: regenerating quickly, wreathed by umbra
A: fangs 3, see invisible, unbreathing
a: Exsanguinate, Renounce Religion


You were on level 5 of the Dungeon.
You worshipped Dithmenos.
Dithmenos was aware of your devotion.
You visited 1 branch of the dungeon, and saw 5 of its levels.

You collected 269 gold pieces.

Inventory:

Hand Weapons
 a - a +1 dagger (weapon)
Missiles
 r - 2 throwing nets
 u - 2 atropa-tipped darts
 w - 7 curare-tipped darts
Armour
 c - a +1 robe of willpower
 d - a +2 helmet (worn)
 t - a +0 buckler
 z - a +0 pair of boots (worn)
 A - +0 acid dragon scales (worn)
Jewellery
 n - a +6 ring of dexterity (left hand)
Wands
 l - a wand of iceblast (6)
Scrolls
 b - 4 scrolls of enchant armour {unknown}
 e - 2 scrolls of teleportation {unknown}
 f - 2 scrolls of noise {unknown}
 g - 4 scrolls of identify {unknown}
 i - 3 scrolls of magic mapping {unknown}
 m - 4 scrolls of remove curse {unknown}
 q - a scroll of enchant weapon {unknown}
 s - a scroll of immolation {unknown}
 y - a scroll of blinking {unknown}
Potions
 h - a potion of flight {unknown}
 j - 2 potions of cancellation {unknown}
 k - a potion of lignification {unknown}
 o - a potion of might
 p - a potion of brilliance {unknown}
 v - 2 potions of curing
 x - a potion of magic {unknown}


   Skills:
 + Level 2.1 Fighting
 * Level 4.4 Short Blades
 + Level 1.1 Armour
 - Level 3.1 Dodging
 + Level 6.2 Stealth
 + Level 3.2 Spellcasting
 + Level 6.0 Hexes


You had 6 spell levels left.
You knew the following spells:

 Your Spells              Type           Power        Failure   Level
a - Corona                Hex            26%          2%          1
b - Ensorcelled Hibernat  Hex/Ice        26%          12%         2
c - Confusing Touch       Hex            24%          7%          3

Your spell library contained the following spells:

 Spells                   Type           Power        Failure   Level
 Tukima's Dance           Hex            24%          7%          3
 Dazzling Flash           Conj/Hex       26%          22%         3


Dungeon Overview and Level Annotations

Branches:
Dungeon (5/15)
 Temple: D:4-7

Altars:
Dithmenos

Annotations:
D:3 2 runed translucent doors, mirkoslavko's ghost, amateur HuFi


Innate Abilities, Weirdness & Mutations

Your natural rate of healing is unusually fast.
You have razor-sharp teeth.
You have supernaturally acute eyesight. (SInv)
You can survive without breathing.


Message History

The orc priest is lightly wounded.
The orc priest misses you. The orc barely misses you.
Casting: Ensorcelled Hibernation (safe; 12% risk of failure)
Confirm with . or Enter, or press ? or * to list all spells.
Aiming: Ensorcelled Hibernation (safe; 12% risk of failure)
Press: ? - help, Shift-Dir - straight line, f - orc priest
Aim: an orc priest, wielding a +0 club and wearing a +0 ring mail (lightly wounded, umbra, chance to affect: 44%)
The orc priest looks drowsy...
The orc barely misses you.
The helpless orc priest fails to defend itself.
You skewer the orc priest like a kebab!!!
You kill the orc priest!
Dithmenos accepts your kill.
You have reached level 7!
The orc hits you but does no damage.
The orc priest invokes the aid of Beogh against you.
Beogh smites you!
* * * LOW HITPOINT WARNING * * *
The orc priest invokes the aid of Beogh against you.
Beogh smites you!
You die...

............. ).............
##.##.#..#### #..
#............ .............
...##.#.#........
.............
...............o)
#.###.#.###.#
#.#####.#...####. #.#
#.#.###.###.#####)o....... #.#
#.#.....#...#...O##...####
#.###.#..##.#.#.#..o.##......
................@.o..+.......
............###.#....#...###..
..###.#..#..# #.#....#...# ..
......#..#.. #.#....# ....
.........#.# ##.######.#.###
..#.#.##.#.###......... .#
............†...######. #
.........#.###........
.##.#.##.#.###..######


You could see an ogre, an orc priest and 2 orcs.

Vanquished Creatures
  A centaur (D:4)
  A bullfrog (D:5)
  A water moccasin zombie (D:4)
  An orc priest (D:5)
  2 hounds (D:4)
  A hound skeleton (D:4)
  9 adders
  A white imp (D:5)
  An ooze (D:2)
  An adder skeleton (D:4)
  A worm (D:4)
  12 dart slugs
  4 leopard geckos
  9 orcs
  2 ball pythons (D:4)
  4 bats
  10 giant cockroaches
  8 hobgoblins
  14 jackals
  11 kobolds
  4 frilled lizards
  4 goblins
  8 rats
110 creatures vanquished.

Vanquished Creatures (others)
  A plant (D:4)
1 creature vanquished.

Grand Total: 111 creatures vanquished

Notes
Turn   | Place    | Note
-------+----------+-------------------------------------------
     0 | D:1      | Jerry the Vampire Enchanter began the quest for the Orb.
     0 | D:1      | Reached XP level 1. HP: 13/13 MP: 3/3
   239 | D:1      | Reached XP level 2. HP: 2/19 MP: 5/5
  1136 | D:2      | Reached XP level 3. HP: 10/25 MP: 3/6
  1295 | D:2      | Reached skill level 5 in Stealth
  1307 | D:2      | Reached XP level 4. HP: 31/31 MP: 7/7
  1317 | D:2      | Learned a level 2 spell: Ensorcelled Hibernation
  1321 | D:2      | Learned a level 3 spell: Confusing Touch
  1551 | D:2      | Reached skill level 1 in Fighting
  1738 | D:3      | Reached skill level 5 in Hexes
  1920 | D:3      | Reached skill level 1 in Armour
  1941 | D:3      | Found a runed translucent door.
  1943 | D:3      | Noticed mirkoslavko's ghost (amateur HuFi)
  2430 | D:3      | Found a runed translucent door.
  2801 | D:4      | Reached XP level 5. HP: 37/37 MP: 8/8
  3040 | D:4      | Noticed a centaur
  3044 | D:4      | Killed a centaur
  3045 | D:4      | Reached XP level 6. HP: 17/43 MP: 7/10
  3121 | D:4      | Found a shadowy altar of Dithmenos.
  3160 | D:4      | Became a worshipper of Dithmenos the Shadowed
  3589 | D:4      | Reached * piety under Dithmenos
  4045 | D:5      | Entered Level 5 of the Dungeon
  4194 | D:5      | Reached XP level 7. HP: 26/50 MP: 8/11
  4198 | D:5      | Killed from afar by an orc priest

Illustrated notes

Levels and vault maps discovered:
D:1:      psy_arrival_statuary, layout_loops_corners, hangedman_decor_push,
          chequers_mini_garden, due_unseen_surprise
D:2:      layout_rooms
D:3:      layout_basic, serial_rivers, chequers_serial_rivers_micro_b,
          chequers_serial_rivers_small_b, chequers_serial_rivers_micro_c,
          chequers_serial_rivers_large_b, ebering_ghost_sewer_f,
          grunt_ministairs_4
D:4:      kennysheep_slugbush, layout_loops_ring, overflow_temple_1_default,
          portal_sewer_entry_c, mrwooster_statue_mirror, corexii_shack
D:5:      layout_basic, pdpol_wu_jian_five_deadly_venoms

Skill      XL: |  1  2  3  4  5  6 |
---------------+-------------------+-----
Short Blades   | 2 3 4 |  4.4
Stealth        | 5 6 |  6.2
Fighting       | 1 2 |  2.1
Hexes          | 5 6 |  6.0
Armour         | 1 |  1.1
Spellcasting   | 3 |  3.2
Dodging        | 3 |  3.1

Action                   |  1- 3 |  4- 6 |  7- 9 || total
-------------------------+-------+-------+-------++-------
Melee: Dagger            |   129 |   374 |       ||   503
       Bite              |     4 |    44 |       ||    48
 Cast: Corona            |     3 |       |       ||     3
       Ensorcelled Hiber |       |    12 |       ||    12
  Use: Potion            |     2 |       |       ||     2
 Stab: Sleeping          |    10 |    23 |       ||    33
       Distracted        |     1 |     3 |       ||     4
Armor: Robe              |    38 |    77 |       ||   115
       Acid dragon scale |       |     3 |     1 ||     4
Dodge: Dodged            |    71 |   213 |       ||   284
